 Dungeon Crawl Stone Soup version 0.29-a0-542-g075992c915 (webtiles) character file.

Game seed: 11992854881331102011

170 YayAnonymity the Shield-Bearer (level 5, -3/47 HPs)
             Began as a Gnoll Fighter on June 4, 2022.
             Was an Initiate of Okawaru.
             Slain by Menkaure (11 damage)
             ... on level 4 of the Dungeon.
             The game lasted 00:03:47 (2957 turns).

YayAnonymity the Shield-Bearer (Gnoll Fighter)      Turns: 2957, Time: 00:03:47

Health: -3/47      AC: 10    Str: 18    XL:     5   Next: 50%
Magic:  16/16      EV:  9    Int:  7    God:    Okawaru [......]
Gold:   113        SH:  7    Dex: 11    Spells: 7/7 levels left

rFire   . . .      SeeInvis .   a - +1 trident
rCold   . . .      Faith    .   i - +2 buckler
rNeg    . . .      Spirit   .   b - +0 scale mail
rPois   .          Reflect  .   (no helmet)
rElec   .          Harm     .   j - +1 cloak
rCorr   .          Rampage  .   (no gloves)
Will    .....                   (no boots)
Stlth   ..........              (no amulet)
HPRegen 0.15/turn               n - ring of magical power
MPRegen 0.15/turn               (no ring)

@: no status effects
A: fangs 1, strong nose, distributed training
a: Renounce Religion


You were on level 4 of the Dungeon.
You worshipped Okawaru.
Okawaru was noncommittal.
You visited 1 branch of the dungeon, and saw 4 of its levels.

You collected 113 gold pieces.

Inventory:

Hand Weapons
 a - a +1 trident (weapon)
Armour
 b - a +0 scale mail (worn)
 i - a +2 buckler (worn)
 j - a +1 cloak (worn)
Jewellery
 n - a ring of magical power (left hand)
Scrolls
 c - 2 scrolls of silence
 e - 2 scrolls of teleportation
 q - a scroll of identify
Potions
 d - 2 potions of might
 h - a potion of degeneration {unknown}
 k - a potion of attraction {unknown}
 l - a potion of haste {unknown}
 m - a potion of berserk rage {unknown}
 t - 3 potions of curing
 u - a potion of lignification {unknown}
 v - a potion of brilliance {unknown}


   Skills:
 + Level 6.7 Fighting
 + Level 1.5 Short Blades
 + Level 1.5 Long Blades
 + Level 1.5 Axes
 + Level 1.5 Maces & Flails
 + Level 4.8 Polearms
 + Level 1.5 Staves
 + Level 1.5 Slings
 + Level 1.5 Bows
 + Level 1.5 Crossbows
 + Level 1.5 Throwing
 + Level 6.7 Armour
 + Level 1.5 Dodging
 + Level 1.5 Stealth
 + Level 6.7 Shields
 + Level 1.5 Unarmed Combat
 + Level 1.5 Spellcasting
 + Level 1.2 Conjurations
 + Level 1.2 Hexes
 + Level 1.2 Summonings
 + Level 1.2 Necromancy
 + Level 1.2 Translocations
 + Level 1.2 Transmutations
 + Level 1.2 Fire Magic
 + Level 1.2 Ice Magic
 + Level 1.2 Air Magic
 + Level 1.2 Earth Magic
 + Level 1.2 Poison Magic
 + Level 1.7 Invocations
 + Level 1.5 Evocations


You had 7 spell levels left.
You didn't know any spells.
Your spell library contained the following spells:

 Spells                   Type           Power      Damage    Failure   Level
 Sandblast                Erth           4%         2d4       65%         1
 Ensorcelled Hibernation  Hex/Ice        4%         N/A       78%         2
 Passwall                 Tmut/Erth      1%         N/A       78%         2
 Static Discharge         Conj/Air       2%         N/A       78%         2
 Frozen Ramparts          Ice            4%         1d2       95%         3
 Spider Form              Tmut/Pois      2%         N/A       95%         3
 Stone Arrow              Conj/Erth      4%         3d7       95%         3
 Anguish                  Hex/Necr       1%         N/A       100%        4
 Ice Form                 Ice/Tmut       2%         N/A       100%        4
 Lightning Bolt           Conj/Air       1%         1d12      100%        5
 Maxwell's Capacitive Co  Air            1%         ∞         100%        8
 Summon Ice Beast         Ice/Summ       Unusable   N/A       N/A         4

Dungeon Overview and Level Annotations

Branches:
Dungeon (4/15)
 Temple: D:4-7

Altars:
Elyvilon
Fedhas
Okawaru
Qazlal
Ru
Wu Jian
Xom

Annotations:
D:1 2 transporters
D:4 Menkaure


Innate Abilities, Weirdness & Mutations

You have very sharp teeth.
Your uncanny sense of smell can sniff out nearby items.
Your experience applies equally to all skills.


Message History

As you read the scroll labelled BAOM DESOHOTZ, it crumbles to dust.
It is a scroll of identify.
t - 3 potions of curing
As you read the scroll labelled BAEMIE POBLO, it crumbles to dust.
Wisps of shadow whirl around you...
The shadows disperse without effect.
It was a scroll of summoning.
As you read the scroll labelled OQUINOXTIP, it crumbles to dust.
Your body is wracked with pain!
It was a scroll of torment.
As you read the scroll labelled EDIERCH WOJYSUM, it crumbles to dust.
You assume a fearsome visage.
Nothing appears to happen.
It was a scroll of fear.
You hear the hiss of an avalanche of sand nearby.
You hear the hiss of an avalanche of sand nearby.
You hear the brisk hiss of an avalanche of sand nearby.
There is a stone staircase leading down here.
e - 2 scrolls of teleportation (gained 1)
Things that are here:
a +0 short sword; a kobold corpse Menkaure, Prince of Dust comes into view.
Found a Young Poisoner's Handbook.
Menkaure whispers drily.
Menkaure mumbles some strange words.
Menkaure seems to speed up.
Menkaure calls on the powers of darkness!
Your body is wracked with pain!
Menkaure gestures at you while chanting.
Pain shoots through your body!
* * * LOW HITPOINT WARNING * * *
You hit Menkaure.
Menkaure is lightly damaged.
You block Menkaure's attack.
You hit Menkaure.
Menkaure is moderately damaged.
Menkaure calls on the powers of darkness!
Your body is wracked with pain!
* * * LOW HITPOINT WARNING * * *
You hit Menkaure.
Menkaure is moderately damaged.
Menkaure hits you!
You die...

#.##.. . . .# .#
#.##.. .##. ##..#.#
#.##.. .... ..#.#.#
#.##.. ###.###.#.#.#
#.##.. :...##.#...#
#.##.. # #.....##..#
#.##..
.####.#..##.##..#
#.####
......M@........###.#
.####.###.####....#.#
.. ...# ##.#.#.# #.
#.### #.#.#.# # ...
#...#.### ##.
#.......# #.
#..†#)#.# #
###.....#.#
#.........#


You could see Menkaure (fast).

Vanquished Creatures
  A hound (D:4)
  Jessica (D:2)
  3 adders
  A worm (D:2)
  A dart slug (D:1)
  4 orcs (D:4)
  6 ball pythons
  8 bats
  4 endoplasms
  5 giant cockroaches
  3 goblins
  10 hobgoblins
  5 jackals
  5 quokkas
  4 frilled lizards
  9 kobolds
  5 rats
75 creatures vanquished.

Notes
Turn   | Place    | Note
-------+----------+-------------------------------------------
     0 | D:1      | YayAnonymity the Gnoll Fighter began the quest for the Orb.
     0 | D:1      | Reached XP level 1. HP: 23/23 MP: 1/1
    45 | D:1      | Reached XP level 2. HP: 25/29 MP: 2/2
   303 | D:1      | Reached XP level 3. HP: 29/35 MP: 3/3
   979 | D:2      | Reached skill level 1 in Invocations
  1092 | D:2      | Reached skill level 1 in Short Blades
  1092 | D:2      | Reached skill level 1 in Long Blades
  1092 | D:2      | Reached skill level 1 in Axes
  1092 | D:2      | Reached skill level 1 in Maces & Flails
  1092 | D:2      | Reached skill level 1 in Staves
  1092 | D:2      | Reached skill level 1 in Slings
  1092 | D:2      | Reached skill level 1 in Bows
  1092 | D:2      | Reached skill level 1 in Crossbows
  1092 | D:2      | Reached skill level 1 in Throwing
  1092 | D:2      | Reached skill level 1 in Dodging
  1092 | D:2      | Reached skill level 1 in Stealth
  1092 | D:2      | Reached skill level 1 in Unarmed Combat
  1092 | D:2      | Reached skill level 1 in Spellcasting
  1092 | D:2      | Reached skill level 1 in Evocations
  1182 | D:2      | Reached XP level 4. HP: 41/41 MP: 5/5
  1258 | D:2      | Found a faded altar of an unknown god.
  1262 | D:2      | Noticed Jessica
  1267 | D:2      | Killed Jessica
  1268 | D:2      | Reached skill level 1 in Conjurations
  1268 | D:2      | Reached skill level 1 in Hexes
  1268 | D:2      | Reached skill level 1 in Summonings
  1268 | D:2      | Reached skill level 1 in Necromancy
  1268 | D:2      | Reached skill level 1 in Translocations
  1268 | D:2      | Reached skill level 1 in Transmutations
  1268 | D:2      | Reached skill level 1 in Fire Magic
  1268 | D:2      | Reached skill level 1 in Ice Magic
  1268 | D:2      | Reached skill level 1 in Air Magic
  1268 | D:2      | Reached skill level 1 in Earth Magic
  1268 | D:2      | Reached skill level 1 in Poison Magic
  1590 | D:2      | Found a white marble altar of Elyvilon.
  2137 | D:3      | Found a stormy altar of Qazlal.
  2142 | D:3      | Reached XP level 5. HP: 47/47 MP: 6/6
  2145 | D:3      | Found an iron altar of Okawaru.
  2150 | D:3      | Found a blossoming altar of Fedhas.
  2152 | D:3      | Became a worshipper of Warmaster Okawaru
  2154 | D:3      | Found a shimmering altar of Xom.
  2156 | D:3      | Found an ornate altar of the Wu Jian Council.
  2161 | D:3      | Found a sacrificial altar of Ru.
  2950 | D:4      | Noticed Menkaure
  2957 | D:4      | Slain by Menkaure

Illustrated notes

Levels and vault maps discovered:
D:1:      spicycebolla_arrival_transporter_tutorial, layout_basic
D:2:      layout_loops_cross, chequers_ecumenical_altar_twisty,
          kennysheep_flooded_box, uniq_jessica
D:3:      layout_basic, nicolae_overflow_hallway_of_the_gods
D:4:      layout_basic, nicolae_ossuary_entry_ruins, uniq_edmund, uniq_menkaure

Skill      XL: |  1  2  3  4 |
---------------+-------------+-----
Invocations    | 1 |  1.7
Short Blades   | 1 |  1.5
Long Blades    | 1 |  1.5
Axes           | 1 |  1.5
Maces & Flails | 1 |  1.5
Staves         | 1 |  1.5
Slings         | 1 |  1.5
Bows           | 1 |  1.5
Crossbows      | 1 |  1.5
Throwing       | 1 |  1.5
Dodging        | 1 |  1.5
Stealth        | 1 |  1.5
Unarmed Combat | 1 |  1.5
Spellcasting   | 1 |  1.5
Evocations     | 1 |  1.5
Conjurations   | 1 |  1.2
Hexes          | 1 |  1.2
Summonings     | 1 |  1.2
Necromancy     | 1 |  1.2
Translocations | 1 |  1.2
Transmutations | 1 |  1.2
Fire Magic     | 1 |  1.2
Ice Magic      | 1 |  1.2
Air Magic      | 1 |  1.2
Earth Magic    | 1 |  1.2
Poison Magic   | 1 |  1.2
Fighting       | |  6.7
Polearms       | |  4.8
Armour         | |  6.7
Shields        | |  6.7

Action                   |  1- 3 |  4- 6 || total
-------------------------+-------+-------++-------
Melee: Trident           |   131 |   133 ||   264
       Bite              |     5 |     4 ||     9
  Use: Scroll            |       |    10 ||    10
Armor: Scale mail        |    40 |    51 ||    91
Dodge: Dodged            |    45 |    50 ||    95
Block: Buckler           |    34 |    58 ||    92

Table legend: (Time is in decaauts)
 A = Elapsed time spent in this place.
 B = Non-inter-level travel time spent in this place.
 C = Inter-level travel time spent in this place.
 D = Time resting spent in this place.
 E = Time spent auto-exploring this place.
 F = Levels seen in this place.
 G = Mean time per level.
                   A        B        C        D        E       F      G
               +--------+--------+--------+--------+--------+-----+--------+
         Total |   2986 |   2886 |    100 |      0 |   2267 |   4 |  746.5 |
       Dungeon |   2986 |   2886 |    100 |      0 |   2267 |   4 |  746.5 |
               +--------+--------+--------+--------+--------+-----+--------+

Top non-repeatable levels by time:
     D:2: 923 daAuts
     D:3: 815 daAuts
     D:1: 796 daAuts
     D:4: 451 daAuts
